 Dungeon Crawl Stone Soup version 0.30-a0-936-ge0d47acfc0 (webtiles) character file.

Game seed: 82646455322466298

503 Gwe the Chopper (level 6, -3/56 HPs)
             Began as a Minotaur Fighter on Mar 24, 2023.
             Killed by nerve-wracking pain
             ... invoked by Grinder
              (8 damage)
             ... on level 3 of the Dungeon.
             The game lasted 00:07:44 (1922 turns).

Gwe the Chopper (Minotaur Fighter)                  Turns: 1922, Time: 00:07:45

Health: -3/56      AC:  7    Str: 22    XL:     6   Next: 96%
Magic:  5/5        EV:  9    Int:  5    God:
Gold:   82         SH:  4    Dex: 10    Spells: 5/5 levels left

rFire   . . .      SeeInvis .    a - +0 war axe
rCold   . . .      Faith    .    c - +0 buckler
rNeg    . . .      Spirit   .    b - +0 scale mail
rPois   .          Reflect  .    (helmet restricted)
rElec   .          Rampage  .    (no cloak)
rCorr   .                        (no gloves)
Will    .....                    (no boots) Stlth
                                 (no amulet)
HPRegen 0.29/turn                (no ring)
MPRegen 0.09/turn                (no ring)

@: no status effects
A: horns 2, retaliatory headbutt
a: no special abilities


You were on level 3 of the Dungeon.
You visited 1 branch of the dungeon, and saw 5 of its levels.

You collected 82 gold pieces.

Inventory:

Hand Weapons
 a - a +0 war axe (weapon)
 u - a +0 hand axe
Missiles
 r - 4 curare-tipped darts (quivered)
Armour
 b - a +0 scale mail (worn)
 c - a +0 buckler (worn)
Magical Staves
 v - a staff of air
 x - a staff of fire
Scrolls
 e - 2 scrolls of identify {unknown}
 g - a scroll of fog {unknown}
 h - a scroll of blinking {unknown}
 k - 4 scrolls of poison {unknown}
 o - a scroll of vulnerability {unknown}
 p - a scroll of teleportation {unknown}
 q - a scroll of noise {unknown}
 s - a scroll of enchant weapon {unknown}
 t - a scroll of silence {unknown}
Potions
 d - a potion of might
 f - a potion of flight {unknown}
 i - a potion of brilliance {unknown}
 j - a potion of haste {unknown}
 l - a potion of attraction {unknown}
 m - a potion of berserk rage {unknown}
 n - a potion of curing
 w - 2 potions of lignification {unknown}


   Skills:
 + Level 5.0 Fighting
 * Level 6.5 Axes
 + Level 5.4 Armour
 + Level 1.2 Dodging
 + Level 4.5 Shields


You had 5 spell levels left.
You didn't know any spells.
Your spell library contained the following spells:

 Spells                   Type           Power      Damage    Failure   Level
 Slow                     Hex            0%         N/A       86%         1
 Confusing Touch          Hex            0%         N/A       99%         3
 Vampiric Draining        Necr           0%         2d6       99%         3


Dungeon Overview and Level Annotations

Branches:
Dungeon (5/15)
 Temple: D:4-7

Altars:

Shops:
D:3 :

Annotations:
D:3 Grinder
D:5 Eustachio


Innate Abilities, Weirdness & Mutations

You have a pair of horns on your head.
You reflexively headbutt those who attack you in melee.


Message History

You barely miss the hobgoblin. Grinder hits you.
You writhe in agony.
The hobgoblin closely misses you.
You hit Grinder but do no damage.
Grinder is severely wounded.
You hit the hobgoblin.
You kill the hobgoblin!
Grinder blinks!
You closely miss Grinder.
Grinder is severely wounded.
You block Grinder's attack.
You hit Grinder.
Grinder is severely wounded.
Grinder gestures at you. Pain shoots through your body!
You closely miss Grinder.
Grinder is severely wounded.
Grinder hits you!
* * * LOW HITPOINT WARNING * * *
You writhe in agony.
* * * LOW HITPOINT WARNING * * *
Grinder gestures at you. You resist with significant effort.
You completely miss Grinder.
Grinder is severely wounded.
Grinder gestures at you. You resist with significant effort.
You closely miss Grinder.
Grinder is severely wounded.
Grinder hits you but does no damage.
You barely miss Grinder.
Grinder is severely wounded.
Grinder hits you but does no damage.
You barely miss Grinder.
Grinder is severely wounded.
You block Grinder's attack.
You closely miss Grinder.
Grinder is severely wounded.
Grinder gestures at you. Pain shoots through your body!
You die...

...#.# #.# #.# ...#.#
#.####.# ...#.#
#......# #.##.#
######.# ..##.# #.#
####.########.#
...........##.#########
###.....)†.##.#.......#
# #....))..##.'.@5....#
# #....)...##.#†!.....#
# #........##.#.......#
###########.#.......#
#.#.......##
#.#.......<#
#.#.......##
#.#.......# #.#.......


You could see Grinder (strong).

Vanquished Creatures
  Sigmund (D:3)
  Blork the orc (D:4)
  A scorpion (D:4)
  A jelly (D:4)
  An iguana (D:4)
  An orc priest (D:3)
  5 adders
  2 dart slugs (D:4)
  20 orcs
  7 ball pythons
  4 endoplasms
  2 giant cockroaches
  5 goblins
  8 hobgoblins
  3 kobolds (D:3)
  3 quokkas
  3 bats
  3 frilled lizards (D:3)
  2 rats (D:3)
73 creatures vanquished.

Notes
Turn   | Place    | Note
-------+----------+-------------------------------------------
     0 | D:1      | Gwe the Minotaur Fighter began the quest for the Orb.
     0 | D:1      | Reached XP level 1. HP: 19/19 MP: 0/0
   286 | D:1      | Reached XP level 2. HP: 22/27 MP: 1/1
   496 | D:2      | Found a faded altar of an unknown god.
   613 | D:3      | Reached XP level 3. HP: 16/33 MP: 2/2
   637 | D:3      | You fall into a shaft and drop 2 floors!
   637 | D:5      | Entered Level 5 of the Dungeon
   667 | D:4      | Reached skill level 3 in Axes
   805 | D:3      | Noticed Grinder
   848 | D:4      | Reached XP level 4. HP: 25/41 MP: 3/3
  1081 | D:4      | Reached skill level 4 in Axes
  1081 | D:4      | Reached XP level 5. HP: 42/47 MP: 4/4
  1093 | D:4      | Noticed Blork the orc
  1101 | D:4      | Killed Blork the orc
  1102 | D:4      | Reached skill level 5 in Axes
  1102 | D:4      | Reached skill level 1 in Dodging
  1124 | D:5      | Noticed Eustachio
  1159 | D:4      | Reached XP level 6. HP: 27/53 MP: 5/5
  1163 | D:4      | Reached skill level 5 in Armour
  1405 | D:3      | Noticed Sigmund
  1415 | D:3      | Killed Sigmund
  1416 | D:3      | Reached skill level 5 in Fighting
  1416 | D:3      | Reached skill level 6 in Axes
  1562 | D:3      | Found Qurihoupt's Book Shoppe.
  1922 | D:3      | Killed from afar by Grinder

Illustrated notes

Levels and vault maps discovered:
D:1:      ncdulo_halloftheorcs, layout_loops_ring
D:2:      layout_loops_ring, dreamdust_ecumenical_altar_angels_and_demons,
          minmay_quantized, uniq_crazy_yiuf_cottage
D:3:      layout_basic, serial_shops, nicolae_lakefront_shop, interstate_on_off,
          nicolae_shop_unique_rings, uniq_sigmund, uniq_grinder
D:4:      layout_basic, uniq_blork_the_orc, uniq_robin
D:5:      layout_basic, minmay_strange_pillars, corner_web_ring, uniq_eustachio

Skill      XL: |  1  2  3  4  5  6 |
---------------+-------------------+-----
Armour         | 4 5 |  5.4
Fighting       | 4 5 |  5.0
Shields        | 4 |  4.5
Axes           | 3 4 5 6 |  6.5
Dodging        | 1 |  1.2

Action                     |  1- 3 |  4- 6 || total
---------------------------+-------+-------++-------
  Melee: War axe           |    58 |   108 ||   166
         Headbutt          |     7 |    12 ||    19
    Use: Potion            |       |     1 ||     1
 Armour: Scale mail        |    28 |    40 ||    68
  Dodge: Dodged            |    25 |    39 ||    64
  Block: Buckler           |    13 |    32 ||    45

Table legend: (Time is in decaauts)
 A = Elapsed time spent in this place.
 B = Non-inter-level travel time spent in this place.
 C = Inter-level travel time spent in this place.
 D = Time resting spent in this place.
 E = Time spent auto-exploring this place.
 F = Levels seen in this place.
 G = Mean time per level.
                   A        B        C        D        E       F      G
               +--------+--------+--------+--------+--------+-----+--------+
         Total |   1974 |   1974 |      0 |    254 |    642 |   5 |  394.8 |
       Dungeon |   1974 |   1974 |      0 |    254 |    642 |   5 |  394.8 |
               +--------+--------+--------+--------+--------+-----+--------+

Top non-repeatable levels by time:
     D:3: 772 daAuts
     D:4: 550 daAuts
     D:1: 318 daAuts
     D:2: 286 daAuts
     D:5: 46 daAuts
